 Dungeon Crawl Stone Soup version 0.28.0-45-g0d030f2227 (webtiles) character file.

Game seed: 7593615816870938375

12 Bruhh the Skirmisher (level 2, 25/25 HPs)
             Began as a Formicid Fighter on Apr 18, 2022.
             Was a Follower of Makhleb.
             Quit the game on level 1 of the Dungeon.
             The game lasted 00:01:05 (607 turns).

Bruhh the Skirmisher (Formicid Fighter)              Turns: 607, Time: 00:01:06

Health: 25/25      AC:  6    Str: 20    XL:     2   Next: 45%
Magic:  2/2        EV:  9    Int:  7    God:    Makhleb [*.....]
Gold:   9          SH:  4    Dex: 10    Spells: 1/1 levels left

rFire   . . .      SeeInvis +   a - +0 war axe
rCold   . . .      Faith    .   c - +0 buckler
rNeg    . . .      Spirit   .   b - +0 scale mail
rPois   .          Reflect  .   (helmet unavailable)
rElec   .          Harm     .   (no cloak)
rCorr   .          Rampage  .   (no gloves)
Will    .....                   (no boots)
Stlth   ..........              (no amulet)
HPRegen 0.08/turn               (no ring)
MPRegen 0.08/turn               (no ring)

@: no status effects
A: permanent stasis, dig shafts and tunnels, antennae 3, four strong arms
a: Dig, Shaft Self, Renounce Religion


You were on level 1 of the Dungeon.
You worshipped Makhleb.
Makhleb was aware of your devotion.
You visited 1 branch of the dungeon, and saw 1 of its levels.

You collected 9 gold pieces.

Inventory:

Hand Weapons
 a - a +0 war axe (weapon)
Armour
 b - a +0 scale mail (worn)
 c - a +0 buckler (worn)
Scrolls
 e - a scroll of teleportation {unknown}
 g - a scroll of identify {unknown}
Potions
 d - a potion of might
 f - a potion of lignification {unknown}


   Skills:
 * Level 4.1 Fighting
 - Level 2.0 Axes
 - Level 3.2 Armour
 - Level 3.6 Shields


You had one spell level left.
You didn't know any spells.
Your spell library was empty.

Dungeon Overview and Level Annotations

Branches:
Dungeon (1/15)

Altars:
Makhleb


Innate Abilities, Weirdness & Mutations

You cannot be hasted, slowed, berserked, paralysed or teleported.
You can dig through walls and to a lower floor.
You have a pair of large antennae on your head. (SInv)
Your four strong arms can wield two-handed weapons with a shield.


Message History

No target in view!
No target in view!
No target in view!
No target in view!
The withered plant crumbles away.
Key pressed, stopping explore.
Things that are here:
a +0 short sword; 5 stones; a kobold corpse You see here a +0 dagger.
You slash the withered plant!
The withered plant begins to crumble.
The withered plant is lightly damaged.
You hit the withered plant.
The withered plant begins to crumble.
You hit the withered plant.
The withered plant begins to crumble.
You slash the withered plant!
The withered plant is lightly damaged.
You slash the withered plant! You hit the withered plant.
The withered plant crumbles away.
The withered plant crumbles away. x2
There is a faded altar of an unknown god here.
You hit the withered plant.
The withered plant begins to crumble.
The withered plant is lightly damaged.
You hit the withered plant. You slash the withered plant!
The withered plant begins to crumble.
You hit the withered plant.
The withered plant is lightly damaged.
You hit the withered plant. You slash the withered plant!
The withered plant begins to crumble.
You hit the withered plant.
The withered plant is lightly damaged.
You slash the withered plant! x2; The withered plant crumbles away.
The withered plant crumbles away.
The withered plant crumbles away.
There is a faded altar of an unknown god here.
You cannot tell which god this altar belongs to.
Convert to them anyway?
Makhleb accepts your prayer! Makhleb welcomes you!
You can now gain health from killing.
Unknown command.
Press < or > to pray at altars.
Are you sure you want to abandon this character and quit the game? (Confirm with "yes".)

........... #.#.#
...##.....
#.#.##########..###
.... .............
..# ########..###
###.## #..###
##.P..## #.....
#......## ##.###
#..@.)))# #.#
#.♣.....###### #.#
#..♣.........# #.#
##.PP...####.# #.#
######## #.# #.#
#.# #.# #.# #.# #.#
#.# #.# #.#


There were no monsters in sight!

Vanquished Creatures
  A ball python (D:1)
  An endoplasm (D:1)
  A giant cockroach (D:1)
  2 goblins (D:1)
  A hobgoblin (D:1)
  2 kobolds (D:1)
  2 frilled lizards (D:1)
  A rat (D:1)
11 creatures vanquished.

Vanquished Creatures (others)
  8 withered plants (D:1)
8 creatures vanquished.

Grand Total: 19 creatures vanquished

Notes
Turn   | Place    | Note
-------+----------+-------------------------------------------
     0 | D:1      | Bruhh the Formicid Fighter began the quest for the Orb.
     0 | D:1      | Reached XP level 1. HP: 18/18 MP: 1/1
   216 | D:1      | Reached XP level 2. HP: 25/25 MP: 2/2
   352 | D:1      | Reached skill level 4 in Fighting
   508 | D:1      | Found a faded altar of an unknown god.
   606 | D:1      | Prayed at the altar of an unknown god.
   606 | D:1      | Became a worshipper of Makhleb the Destroyer
   606 | D:1      | Reached * piety under Makhleb
   607 | D:1      | Quit the game

Illustrated notes

Levels and vault maps discovered:
D:1:      elethiomel_arrival_infinity_welcomes_careful_drivers, layout_basic,
          ebering_ecumenical_altar_petrified

Skill      XL: |  1  2 |
---------------+-------+-----
Fighting       | 4 |  4.1
Axes           | |  2.0
Armour         | |  3.2
Shields        | |  3.6

Action                   || total
-------------------------++-------
Melee: War axe           ||    33
Armor: Scale mail        ||    14
Dodge: Dodged            ||    13
Block: Buckler           ||     4
